 Dungeon Crawl Stone Soup version 0.27.0-1-g7a089689b8 (webtiles) character file.

Game seed: 8277681992545520262

72 eggzz the Magician (level 4, -3/24 HPs)
             Began as a Deep Elf Fire Elementalist on Aug 7, 2021.
             Was an Initiate of Sif Muna.
             Slain by a killer bee (4 damage)
             ... on level 3 of the Dungeon.
             The game lasted 00:06:50 (2613 turns).

eggzz the Magician (Deep Elf Fire Elementalist)     Turns: 2613, Time: 00:06:51

Health: -3/24      AC:  4    Str:  5    XL:     4   Next: 7%
Magic:  9/12       EV: 12    Int: 21    God:    Sif Muna [......]
Gold:   76         SH:  0    Dex: 15    Spells: 7/11 levels left

rFire    . . .     SeeInvis .   o - +3 short sword
rCold    . . .     Faith    .   (no shield)
rNeg     . . .     Spirit   .   a - +0 robe
rPois    .         Reflect  .   d - +1 helmet
rElec    .         Harm     .   (no cloak)
rCorr    +         Rampage  .   (no gloves)
Will     .....                  (no boots)
Stlth    ++........             (no amulet)
HPRegen  0.08/turn              e - ring of resist corrosion
MPRegen  0.13/turn              (no ring)

@: lethally poisoned (-3 -> -11)
A: no striking features
a: Renounce Religion


You were on level 3 of the Dungeon.
You worshipped Sif Muna.
Sif Muna was noncommittal.
You visited 1 branch of the dungeon, and saw 4 of its levels.

You collected 76 gold pieces.

Inventory:

Hand Weapons
 b - a +0 dagger
 o - a +3 short sword (weapon)
Armour
 a - a +0 robe (worn)
 d - a +1 helmet (worn)
 l - a +0 leather armour of fire resistance
Jewellery
 e - a ring of resist corrosion (left hand)
Wands
 s - a wand of iceblast (9)
Scrolls
 f - a scroll of fear {unknown}
 h - 2 scrolls of amnesia {unknown}
 k - a scroll of identify {unknown}
Potions
 c - a potion of invisibility {unknown}
 g - a potion of brilliance {unknown}
 i - a potion of magic {unknown}
 j - a potion of haste {unknown}
 m - a potion of lignification {unknown}
 n - a potion of flight {unknown}
 p - a potion of attraction {unknown}
 q - a potion of ambrosia {unknown}
 r - a potion of heal wounds {unknown}


   Skills:
 - Level 2.4 Dodging
 + Level 3.4 Stealth
 * Level 4.3 Spellcasting
 + Level 2.1 Conjurations
 + Level 3.8 Fire Magic


You had 7 spell levels left.
You knew the following spells:

 Your Spells              Type           Power      Damage    Failure   Level
a - Foxfire               Conj/Fire      68%        2x1d7     3%          1
b - Conjure Flame         Conj/Fire      17%        6-21      11%         3

Your spell library contained the following spells:

 Spells                   Type           Power      Damage    Failure   Level
 Inner Flame              Hex/Fire       12%        N/A       16%         3
 Sticky Flame             Conj/Fire      17%        2d4       34%         4
 Fireball                 Conj/Fire      8%         3d6       67%         5
 Passage of Golubria      Tloc           N/A        N/A       75%         4
 Silence                  Hex/Air        2%         N/A       97%         5
 Lehudib's Crystal Spear  Conj/Erth      4%         10d3      100%        8


Dungeon Overview and Level Annotations

Branches:
Dungeon (4/15)
 Temple: D:4-7

Altars:
Gozag
Ru
Sif Muna
Wu Jian
Xom

Shops:
D:2 !

Annotations:
D:2 1 runed translucent door, Crazy Yiuf
D:3 exclusion: golden eye


Message History

The killer bee is lightly wounded.
The killer bee buzzes angrily.
The foxfire hits the killer bee.
The killer bee is moderately wounded.
You hear an angry buzzing noise.
You hear a bark!
Casting: Foxfire (safe; 3% risk of failure)
Confirm with . or Enter, or press ? or * to list all spells.
You conjure some foxfire!
A killer bee comes into view. x2
The foxfire hits the killer bee!
The killer bee is heavily wounded.
The foxfire hits the killer bee.
The killer bee is almost dead.
A killer bee comes into view.
The killer bee stings you.
You are poisoned.
The killer bee poisons you!
You climb upwards.
Level annotation: exclusion: golden eye You feel very sick.
There is a stone staircase leading down here.
Casting: Foxfire (safe; 3% risk of failure)
Confirm with . or Enter, or press ? or * to list all spells.
You conjure some foxfire!
You feel sick. The killer bee barely misses you. The killer bee stings you.
You are lethally poisoned!
The killer bee poisons you!
Your foxfire dissipates!
* * * LOW HITPOINT WARNING * * *
You feel sick. The killer bee stings you.
* * * LOW HITPOINT WARNING * * *
The killer bee stings you.
* * * LOW HITPOINT WARNING * * *
Unknown command.
Casting: Foxfire (safe; 3% risk of failure)
Confirm with . or Enter, or press ? or * to list all spells.
You conjure some foxfire!
* * * LOW HITPOINT WARNING * * *
You feel sick. The killer bee stings you.
You die...

.....#+#
####.#.#
###.# #.#.#
...#
####.#.######
...
.÷......†...#
...
..##÷....##.#
#.#
........###.#
#.# ######.##
#.#####y# #.#
#....v@v# #.#
######### #.#
#.# #.# ..#
#.# ##.


You could see a killer bee (ally target).

Vanquished Creatures
  An iguana (D:3)
  An adder (D:2)
  A worm (D:2)
  2 dart slugs
  2 endoplasms
  A giant cockroach (D:2)
  2 goblins (D:1)
  5 hobgoblins
  3 kobolds
  2 quokkas
  3 ball pythons
  2 bats (D:1)
  2 frilled lizards
  2 rats (D:3)
29 creatures vanquished.

Vanquished Creatures (others)
  84 foxfires
84 creatures vanquished.

Grand Total: 113 creatures vanquished

Notes
Turn   | Place    | Note
-------+----------+-------------------------------------------
     0 | D:1      | eggzz the Deep Elf Fire Elementalist began the quest for
                  | the Orb.
     0 | D:1      | Reached XP level 1. HP: 10/10 MP: 6/6
   414 | D:1      | Reached XP level 2. HP: 15/15 MP: 5/8
  1289 | D:2      | Reached XP level 3. HP: 19/19 MP: 6/10
  1616 | D:2      | Found a runed translucent door.
  1617 | D:2      | Noticed Crazy Yiuf
  1792 | D:2      | Found Ypluimisk's Distillery.
  1933 | D:2      | Reached skill level 4 in Spellcasting
  2188 | D:2      | Learned a level 3 spell: Conjure Flame
  2248 | D:3      | Noticed a golden eye
  2250 | D:3      | Found a faded altar of an unknown god.
  2278 | D:3      | Noticed a golden eye
  2350 | D:3      | Found a sacrificial altar of Ru.
  2350 | D:3      | Found an ornate altar of the Wu Jian Council.
  2358 | D:3      | Found a shimmering altar of Xom.
  2363 | D:3      | Found an opulent altar of Gozag.
  2377 | D:3      | Found a shimmering blue altar of Sif Muna.
  2380 | D:3      | Became a worshipper of Sif Muna the Loreminder
  2450 | D:3      | Reached XP level 4. HP: 13/24 MP: 6/12
  2613 | D:3      | HP: 1/24 [poisoned by a killer bee]
  2613 | D:3      | Slain by a killer bee

Illustrated notes

Levels and vault maps discovered:
D:1:      beargit_arrival_diablo_church, layout_basic
D:2:      layout_loops_corners, serial_shops,
          nicolae_shop_temple_entry_statues_fountains, uniq_crazy_yiuf_cottage
D:3:      layout_loops_corners, chequers_temple_overflow_minitemple,
          hellmonk_ecumenical_altar_watching_god, serial_glass, glass_columns_a,
          glass_columns_c
D:4:      layout_gridville, nicolae_hepliaklqana_monster_ancestors,
          minmay_temple_entry_glass

Skill      XL: |  1  2  3 |
---------------+----------+-----
Stealth        | 3 |  3.4
Spellcasting   | 4 |  4.3
Conjurations   | 2 |  2.1
Dodging        | |  2.4
Fire Magic     | |  3.8

Action                   |  1- 3 |  4- 6 || total
-------------------------+-------+-------++-------
Melee: Dagger            |     5 |       ||     5
       Short sword       |     1 |       ||     1
 Cast: Foxfire           |    51 |     4 ||    55
 Stab: Sleeping          |     1 |       ||     1
Armor: Robe              |     6 |       ||     6
Dodge: Dodged            |    11 |     1 ||    12
